 Dungeon Crawl Stone Soup version 0.29.1-2-gbd0b4ee654 (webtiles) character file.

Game seed: 1180582002292638191

3 H0rd4k the Charlatan (level 1, -4/13 HPs)
             Began as an Octopode Artificer on Nov 3, 2022.
             Slain by a kobold
             ... wielding a +0 whip
              (5 damage)
             ... on level 1 of the Dungeon.
             The game lasted 00:00:08 (184 turns).

H0rd4k the Charlatan (Octopode Artificer)            Turns: 184, Time: 00:00:09

Health: -4/13      AC:  1    Str: 11    XL:     1   Next: 50%
Magic:  1/1        EV: 13    Int: 13    God:
Gold:   0          SH:  0    Dex: 12    Spells: 0/0 levels left

rFire   . . .      SeeInvis .   a - +0 club
rCold   . . .      Faith    .   (no shield)
rNeg    . . .      Spirit   .   (helmet restricted)
rPois   .          Reflect  .   (no amulet)
rElec   .          Harm     .   (no ring)
rCorr   .          Rampage  .   (no ring)
Will    .....                   (no ring)
Stlth   +++.......              (no ring)
HPRegen 0.04/turn               (no ring)
MPRegen 0.07/turn               (no ring)
                                (no ring)
                                (no ring)

@: no status effects
A: almost no armour, amphibious, 8 rings, camouflage 1, gelatinous body 1,
(nimble swimmer 1), tentacles
a: no special abilities


You were on level 1 of the Dungeon.
You visited 1 branch of the dungeon, and saw 1 of its levels.

Inventory:

Hand Weapons
 a - a +0 club (weapon)
Wands
 b - a wand of flame (15) (quivered)
 c - a wand of charming (15)
 d - a wand of iceblast (5)
Scrolls
 e - a scroll of immolation {unknown}


   Skills:
 + Level 1.0 Fighting
 + Level 2.4 Dodging
 - Level 1.3 Stealth
 + Level 3.5 Evocations


You couldn't memorise any spells.
You didn't know any spells.
Your spell library was empty.

Dungeon Overview and Level Annotations

Branches:
Dungeon (1/15)

Altars:


Innate Abilities, Weirdness & Mutations

You cannot wear most types of armour.
You are amphibious.
You can wear up to eight rings at the same time.
Your skin changes colour to match your surroundings (Stealth+).
Your rubbery body absorbs attacks. (AC +1, EV +1)
((You are camouflaged when in or above water. (Stealth+)))
You have tentacles for arms and can constrict up to eight enemies at once.


Message History

The helpless goblin fails to defend itself.
You hit the goblin. You grab the goblin. Your squeeze misses the goblin.
The goblin is moderately wounded.
You constrict the goblin. The goblin hits you with a +0 club.
The goblin hits you but does no damage.
A goblin is nearby!
You completely miss the goblin.
You squeeze the goblin, but do no damage.
The goblin is heavily wounded.
You constrict the goblin. The goblin hits you with a +0 club.
You hit the goblin.
You kill the goblin!
Key pressed, stopping explore.
No target in view!
Key pressed, stopping explore.
No target in view!
A bat and a goblin come into view.
The goblin shouts!
You hear a shout!
A kobold comes into view. It is wielding a +0 whip.
The bat moves out of view.
You hear a bark!
There are monsters nearby!
There are monsters nearby!
There are monsters nearby!
The kobold shouts!
You hit the goblin but do no damage. You grab the goblin.
You constrict the goblin. The goblin barely misses you.
The goblin hits you with a +0 club.
There are monsters nearby!
You barely miss the goblin. You squeeze the goblin.
You kill the goblin!
The bat misses you. The bat hits you.
You closely miss the bat. Your grab misses the bat.
The bat hits you but does no damage. The kobold hits you with a +0 whip.
You are too injured to fight recklessly!
You hit the kobold but do no damage. Your grab misses the kobold.
The bat hits you but does no damage. The kobold hits you with a +0 whip.
* * * LOW HITPOINT WARNING * * *
The kobold hits you with a +0 whip.
You die...

##............#
#...##.#.....#
#...##.#.....#
#...##.#######
####...##.#
...†......#
#####
######.####
#...####.#.#
#.#
###...........
#.#
#....#@###.##
#.####.#..#bK.#
#.........###.#
######.#..)#
... #.##.## #.#
#.##.# ..#
#....# ##
#.##.. #..#.#


You could see a bat and a kobold.

Vanquished Creatures
  2 goblins (D:1)
  A bat (D:1)
3 creatures vanquished.

Notes
Turn   | Place    | Note
-------+----------+-------------------------------------------
     0 | D:1      | H0rd4k the Octopode Artificer began the quest for the Orb.
     0 | D:1      | Reached XP level 1. HP: 13/13 MP: 1/1
   184 | D:1      | Slain by a kobold

Illustrated notes

Levels and vault maps discovered:
D:1:      mainiacjoe_arrival_reflecting_pool, layout_loops_cross, minivault_4,
          dreamdust_mushroom_princess, minmay_indecisive_spiral

Action                   || total
-------------------------++-------
Melee: Club              ||    10
       Constrict         ||     2
       Tentacles         ||     2
 Stab: Sleeping          ||     1
Armor: Skin              ||     3
Dodge: Dodged            ||     6
